 Dungeon Crawl Stone Soup version 0.29.1-15-g9cfb28693d (webtiles) character file.

Game seed: 3608896082530531978

59 javelincjr the Magician (level 3, -1/24 HPs)
             Began as a Demonspawn Hedge Wizard on Mar 28, 2023.
             Succumbed to an adder's poison
             ... on level 2 of the Dungeon.
             The game lasted 00:05:53 (2134 turns).

javelincjr the Magician (Demonspawn Hedge Wizard)   Turns: 2134, Time: 00:05:53

Health: -1/24      AC:  2    Str: 12    XL:     3   Next: 78%
Magic:  1/7        EV: 12    Int: 15    God:
Gold:   67         SH:  0    Dex: 12    Spells: 7/8 levels left

rFire   . . .      SeeInvis .   a - +0 dagger
rCold   . . .      Faith    .   (no shield)
rNeg    . . .      Spirit   .   b - +0 robe
rPois   .          Reflect  .   c - +0 hat
rElec   .          Harm     .   (no cloak)
rCorr   .          Rampage  .   (no gloves)
Will    .....                   (no boots)
Stlth   ++........              (no amulet)
HPRegen 0.08/turn               f - ring of flight
MPRegen 0.10/turn               (no ring)

@: lethally poisoned (-1 -> -8), flying
A: ignite blood 2
a: no special abilities


You were on level 2 of the Dungeon.
You visited 1 branch of the dungeon, and saw 2 of its levels.

You collected 67 gold pieces.

Inventory:

Hand Weapons
 a - a +0 dagger (weapon)
Missiles
 o - 5 poisoned darts
 q - 6 curare-tipped darts
Armour
 b - a +0 robe (worn)
 c - a +0 hat (worn)
Jewellery
 f - a ring of flight (left hand)
Scrolls
 e - a scroll of identify {unknown}
 i - a scroll of blinking {unknown}
 j - a scroll of fog {unknown}
 k - a scroll of noise {unknown}
 m - a scroll of immolation {unknown}
 p - 2 scrolls of teleportation {unknown}
Potions
 d - a potion of magic
 h - a potion of mutation {unknown}
 l - a potion of brilliance {unknown}
 n - a potion of ambrosia {unknown}


   Skills:
 + Level 2.2 Dodging
 + Level 2.3 Stealth
 + Level 3.2 Spellcasting
 + Level 1.7 Conjurations
 + Level 1.6 Summonings
 + Level 1.4 Translocations


You had 7 spell levels left.
You knew the following spells:

 Your Spells              Type           Power      Damage    Failure   Level
a - Magic Dart            Conj           28%        1d4       10%         1

Your spell library contained the following spells:

 Spells                   Type           Power      Damage    Failure   Level
 Call Imp                 Summ           7%         N/A       16%         2
 Blink                    Tloc           12%        N/A       17%         2
 Slow                     Hex            8%         N/A       21%         1
 Conjure Flame            Conj/Fire      5%         6-21      38%         3
 Mephitic Cloud           Conj/Pois/Air  4%         N/A       43%         3


Dungeon Overview and Level Annotations

Branches:
Dungeon (2/15)

Altars:


Innate Abilities, Weirdness & Mutations

Your demonic aura often causes spilled blood to erupt in flames.


Message History

The adder is heavily wounded.
The adder bites you.
You are poisoned.
The adder poisons you! The adder misses you.
You miss the adder.
The adder is heavily wounded.
You feel sick. The adder completely misses you.
You hit the adder.
The adder is severely wounded.
You feel sick. The adder barely misses you.
You closely miss the adder.
The adder is severely wounded.
You feel sick. The adder closely misses you.
The adder bites you but does no damage.
You closely miss the adder.
The adder is severely wounded.
You feel sick. The adder barely misses you.
You closely miss the adder.
The adder is severely wounded.
You feel sick.
You are no longer poisoned.
The adder closely misses you.
You miss the adder.
The adder is severely wounded.
The adder barely misses you.
Your magical contamination has completely faded away.
You hit the adder but do no damage.
The adder is severely wounded.
The adder bites you.
* * * LOW HITPOINT WARNING * * *
The adder barely misses you.
You miss the adder.
The adder is severely wounded.
The adder bites you.
* * * LOW HITPOINT WARNING * * *
The adder attacks as you move away! The adder bites you.
* * * LOW HITPOINT WARNING * * *
You are lethally poisoned!
The adder poisons you!
You die...

+####....# #.#.##.#..
.####)...# #.#.##.###
....+....# #.#.....
###.#....# #.#..#.# #
#.#....# #....#.# .##
##.###### ####.# ....
##.).....######.# ....
.'............#.######..#...
##.......###....@○S.........
.#####...###....######.#....
..# ###...............# [
..# #####.......###### ..#
#....#.##.....# ..#
#....#..'>....# ..#
#....####.....# ..# #....#
#.....# #######....# #.....#


You could see an adder.

Vanquished Creatures
  4 dart slugs
  6 ball pythons
  5 bats
  4 endoplasms
  5 giant cockroaches
  3 goblins
  A hobgoblin (D:1)
  4 jackals (D:2)
  2 quokkas
  2 frilled lizards (D:1)
  5 kobolds
  5 rats
46 creatures vanquished.

Notes
Turn   | Place    | Note
-------+----------+-------------------------------------------
     0 | D:1      | javelincjr the Demonspawn Hedge Wizard began the quest for
                  | the Orb.
     0 | D:1      | Reached XP level 1. HP: 13/13 MP: 4/4
   164 | D:1      | Reached skill level 1 in Translocations
   362 | D:1      | Gained mutation: Your demonic aura sometimes causes spilled
                  | blood to erupt in flames. [demonic ancestry]
   362 | D:1      | Reached XP level 2. HP: 19/19 MP: 3/6
   898 | D:1      | Gained mutation: Your demonic aura often causes spilled
                  | blood to erupt in flames. [demonic ancestry]
   898 | D:1      | Reached XP level 3. HP: 24/24 MP: 2/7
  1872 | D:2      | Found a faded altar of an unknown god.
  2134 | D:2      | HP: 1/24 [adder (1)]
  2134 | D:2      | Succumbed to an adder's poison

Illustrated notes

Levels and vault maps discovered:
D:1:      wander_arrival_peaceful_grave, layout_rooms, kennysheep_minor_cross
D:2:      layout_basic, nicolae_ecumenical_pavilion

Skill      XL: |  1  2 |
---------------+-------+-----
Translocations | 1 |  1.4
Dodging        | 2 |  2.2
Stealth        | 2 |  2.3
Spellcasting   | |  3.2
Conjurations   | |  1.7
Summonings     | |  1.6

Action                   || total
-------------------------++-------
Melee: Dagger            ||    72
       Punch             ||     1
 Cast: Magic Dart        ||   112
  Use: Potion            ||     1
Armor: Robe              ||    21
Dodge: Dodged            ||    72
